NCAA
MICHIGAN STATE SPARTANS @ MARYLAND TERRAPINS
05/04/2023
 
TOP OF THE 1ST
Michigan State Spartans batting - Pitching for Maryland Terrapins : RHP Lane Lund
Pitching: RHP Lane Lund
Batting: RHB Mike Copeland 0-0: Ground out 6-3 (Groundball, 6)
Batting: LHB Troy Jackson 0-0: Swinging Strike
0-1: Ball
1-1: Swinging Strike
1-2: Foul Ball, location: 2F
Reached via error on a dropped throw, E3
Batting: LHB Billy Anderson 0-0: Ball
1-0: Called Strike
1-1: Fly out, F9 (Flyball, 89M)
Batting: LHB Raúl Casillán 0-0: SINGLE (Line Drive, 9S)
Troy Jackson to second
Runner from 2nd tries for 3rd, SAFE, throw made to third
Batting: SHB Wayne Matthews 0-0: Called Strike
0-1: Ball
1-1: Ball
2-1: Ball
Raúl Casillán steals 2nd base
3-1: Swinging Strike
3-2: Strikes out swinging
Top of the 1st over - 0 run(s), 1 hit(s), 1 error(s), 2 left on base; Michigan State 0 - Maryland 0
BOTTOM OF THE 1ST
Maryland Terrapins batting - Pitching for Michigan State Spartans : RHP José Martínez
Pitching: RHP José Martínez
Batting: LHB Armando Torres 0-0: Ball
1-0: Ball
2-0: SINGLE (Line Drive, 9LS)
Batting: RHB Lúcio Ramírez 0-0: Ball
1-0: Called Strike
1-1: Ball
2-1: Fly out, F9 (Flyball, 9M)
Batting: SHB Frank Johnston 0-0: Foul Ball, location: 2F
0-1: Foul Ball, location: 2F
0-2: Foul Ball, location: 2F
0-2: Strikes out swinging
Batting: SHB Tom Johnson 0-0: Called Strike
0-1: Ball
1-1: Called Strike
1-2: Strikes out swinging
Bottom of the 1st over - 0 run(s), 1 hit(s), 0 error(s), 1 left on base; Michigan State 0 - Maryland 0
TOP OF THE 2ND
Michigan State Spartans batting - Pitching for Maryland Terrapins : RHP Lane Lund
Batting: RHB Juan García 0-0: Ball
1-0: Swinging Strike
1-1: Ball
2-1: Foul Ball, location: 2F
2-2: Foul Ball, location: 2F
2-2: Ball
3-2: Strikes out looking
Batting: SHB Joe Hanson 0-0: Foul Ball, location: 2F
0-1: Called Strike
0-2: Ball
1-2: Strikes out looking
Batting: RHB Donald Brampton 0-0: Ball
1-0: Foul Ball, location: 2F
1-1: Fly out, F7 (Line Drive, 7M)
Top of the 2nd over - 0 run(s), 0 hit(s), 0 error(s), 0 left on base; Michigan State 0 - Maryland 0
BOTTOM OF THE 2ND
Maryland Terrapins batting - Pitching for Michigan State Spartans : RHP José Martínez
Batting: RHB Frank Ramsey 0-0: Ball
1-0: Ball
2-0: Ball
3-0: Base on Balls
Batting: SHB Josh Gross 0-0: Called Strike
0-1: Ball
1-1: Hit by Pitch
Frank Ramsey to second
Batting: SHB Leonard Adams 0-0: Called Strike
0-1: Called Strike
0-2: Foul Ball, location: 2F
0-2: Ball
1-2: Foul Ball, location: 2F
1-2: Ball
2-2: Grounds out, U3 (Groundball, 3L)
Frank Ramsey to third
Batting: SHB Alex Aguilar 0-0: Ball
1-0: Ball
2-0: Ball
3-0: Base on Balls
Batting: RHB Bill Smith 0-0: Called Strike
0-1: Ball
1-1: SINGLE (Line Drive, 56D)
Frank Ramsey scores
Josh Gross to third
Alex Aguilar to second
Batting: LHB Armando Torres 0-0: Called Strike
0-1: Called Strike
0-2: Fielders Choice at 2nd, 4-6 (Groundball, 4)
Josh Gross scores
Alex Aguilar to third
Batting: RHB Lúcio Ramírez 0-0: Called Strike
0-1: Called Strike
0-2: Strikes out swinging
Bottom of the 2nd over - 2 run(s), 1 hit(s), 0 error(s), 2 left on base; Michigan State 0 - Maryland 2
TOP OF THE 3RD
Michigan State Spartans batting - Pitching for Maryland Terrapins : RHP Lane Lund
Batting: SHB Edmond Richardson 0-0: Ball
1-0: Ball
2-0: Ball
3-0: Base on Balls
Batting: RHB Mike Copeland 0-0: Ball
1-0: Swinging Strike
1-1: Swinging Strike
1-2: Strikes out looking
Batting: LHB Troy Jackson 0-0: Swinging Strike
0-1: Ball
1-1: Ball
2-1: Ball
3-1: Fly out, F8 (Flyball, 78M)
Batting: LHB Billy Anderson 0-0: Ball
1-0: Ball
2-0: Ball
3-0: Called Strike
3-1: Base on Balls
Edmond Richardson to second
Batting: LHB Raúl Casillán 0-0: Ball
1-0: Ball
2-0: Foul Ball, location: 2F
2-1: SINGLE (Groundball, 34D)
Edmond Richardson to third
Billy Anderson to second
Runner from 3rd tries for Home, throw and OUT!
Top of the 3rd over - 0 run(s), 1 hit(s), 0 error(s), 2 left on base; Michigan State 0 - Maryland 2
BOTTOM OF THE 3RD
Maryland Terrapins batting - Pitching for Michigan State Spartans : RHP José Martínez
Batting: SHB Frank Johnston 0-0: Ball
1-0: Foul Ball, location: 2F
1-1: Ball
2-1: Called Strike
2-2: Ball
3-2: Ground out U3 (Groundball, 3S)
Batting: SHB Tom Johnson 0-0: Swinging Strike
0-1: Foul Ball, location: 2F
0-2: Strikes out swinging
Batting: RHB Frank Ramsey 0-0: Swinging Strike
0-1: Swinging Strike
0-2: Strikes out swinging
Bottom of the 3rd over - 0 run(s), 0 hit(s), 0 error(s), 0 left on base; Michigan State 0 - Maryland 2
TOP OF THE 4TH
Michigan State Spartans batting - Pitching for Maryland Terrapins : RHP Lane Lund
Batting: SHB Wayne Matthews 0-0: Ball
1-0: Foul Ball, location: 2F
1-1: Ball
2-1: Swinging Strike
2-2: Ball
3-2: Foul Ball, location: 2F
3-2: Foul Ball, location: 2F
3-2: Strikes out looking
Batting: RHB Juan García 0-0: Foul Ball, location: 2F
0-1: Ball
1-1: Foul Ball, location: 2F
1-2: Ball
2-2: Fly out, F7 (Line Drive, 7S)
Batting: SHB Joe Hanson 0-0: Foul Ball, location: 2F
0-1: Ball
1-1: Ball
2-1: Foul Ball, location: 2F
2-2: Strikes out swinging
Top of the 4th over - 0 run(s), 0 hit(s), 0 error(s), 0 left on base; Michigan State 0 - Maryland 2
BOTTOM OF THE 4TH
Maryland Terrapins batting - Pitching for Michigan State Spartans : RHP José Martínez
Batting: SHB Josh Gross 0-0: Ball
1-0: SINGLE (Line Drive, 89M)
Batting: SHB Leonard Adams 0-0: Called Strike
0-1: Foul Ball, location: 2F
0-2: Ball
1-2: Foul Ball, location: 2F
1-2: Ball
2-2: Ball
3-2: TRIPLE (Line Drive, 3D)
Josh Gross scores
Batting: SHB Alex Aguilar 0-0: Ball
1-0: Foul Ball, location: 2F
1-1: Foul Ball, location: 2F
1-2: SINGLE (Groundball, 56D)
Leonard Adams scores
Batting: RHB Bill Smith 0-0: Ball
1-0: Called Strike
1-1: Foul Ball, location: 2F
1-2: Fly out, F9 (Flyball, 9M)
Batting: LHB Armando Torres 0-0: Ball
1-0: SINGLE (Line Drive, 89M)
Alex Aguilar to second
Batting: RHB Lúcio Ramírez 0-0: Ball
1-0: Called Strike
1-1: Called Strike
1-2: Ball
2-2: Foul Ball, location: 2F
2-2: Ball
3-2: Base on Balls
Alex Aguilar to third
Armando Torres to second
Pitching: LHP Bob Nash
Batting: SHB Frank Johnston 0-0: Called Strike
0-1: Called Strike
0-2: Strikes out swinging
Batting: SHB Tom Johnson 0-0: Called Strike
0-1: Ball
1-1: Foul Ball, location: 2F
1-2: Ball
2-2: Ball
3-2: Base on Balls
Alex Aguilar scores
Armando Torres to third
Lúcio Ramírez to second
Batting: RHB Frank Ramsey 0-0: Ball
1-0: Called Strike
1-1: Foul Ball, location: 2F
1-2: Strikes out swinging
Bottom of the 4th over - 3 run(s), 4 hit(s), 0 error(s), 3 left on base; Michigan State 0 - Maryland 5
TOP OF THE 5TH
Michigan State Spartans batting - Pitching for Maryland Terrapins : RHP Lane Lund
Batting: RHB Donald Brampton 0-0: Called Strike
0-1: Ball
1-1: Ball
2-1: Ball
3-1: Ground out 5-3 (Groundball, 56)
Batting: SHB Edmond Richardson 0-0: Ball
1-0: Called Strike
1-1: Called Strike
1-2: Ball
2-2: Fly out, F8 (Flyball, 8RM)
Batting: RHB Mike Copeland 0-0: Ball
1-0: Foul Ball, location: 2F
1-1: Foul Ball, location: 2F
1-2: SINGLE (Groundball, 5D) (infield hit)
Pitching: RHP Mike Williams
Batting: LHB Troy Jackson 0-0: Ground out 4-3 (Groundball, 34)
Top of the 5th over - 0 run(s), 1 hit(s), 0 error(s), 1 left on base; Michigan State 0 - Maryland 5
BOTTOM OF THE 5TH
Maryland Terrapins batting - Pitching for Michigan State Spartans : LHP Bob Nash
Batting: SHB Josh Gross 0-0: Ground out 6-3 (Groundball, 6)
Batting: SHB Leonard Adams 0-0: Called Strike
0-1: Fly out, F4 (Popup, 34S)
Batting: SHB Alex Aguilar 0-0: SINGLE (Groundball, 3D)
Batting: RHB Bill Smith 0-0: Ball
Wild Pitch!
Alex Aguilar to second
1-0: DOUBLE (Line Drive, 8LM)
Alex Aguilar scores
Batting: LHB Armando Torres 0-0: Ball
1-0: Ground out 4-3 (Groundball, 4)
Bottom of the 5th over - 1 run(s), 2 hit(s), 0 error(s), 1 left on base; Michigan State 0 - Maryland 6
TOP OF THE 6TH
Michigan State Spartans batting - Pitching for Maryland Terrapins : RHP Mike Williams
Batting: LHB Billy Anderson 0-0: Ball
1-0: Called Strike
1-1: Ball
2-1: Foul Ball, location: 2F
2-2: Strikes out swinging
Batting: LHB Raúl Casillán 0-0: Ball
1-0: Foul Ball, location: 2F
1-1: SINGLE (Groundball, 34D)
Batting: SHB Wayne Matthews 0-0: Called Strike
0-1: Fly out, F6 (Line Drive, 6)
Batting: RHB Juan García 0-0: Ball
1-0: Swinging Strike
1-1: Ball
2-1: Ball
3-1: Base on Balls
Raúl Casillán to second
Batting: SHB Joe Hanson 0-0: Called Strike
0-1: Ball
1-1: Ground out 3-1 (Groundball, 34)
Top of the 6th over - 0 run(s), 1 hit(s), 0 error(s), 2 left on base; Michigan State 0 - Maryland 6
BOTTOM OF THE 6TH
Maryland Terrapins batting - Pitching for Michigan State Spartans : LHP Bob Nash
Batting: RHB Lúcio Ramírez 0-0: Called Strike
0-1: Called Strike
0-2: Foul Ball, location: 2F
0-2: Strikes out looking
Batting: SHB Frank Johnston 0-0: SOLO HOME RUN (Flyball, 7D), Distance : 369 ft
Batting: SHB Tom Johnson 0-0: Ball
1-0: Ball
2-0: Ball
3-0: Base on Balls
Batting: RHB Frank Ramsey 0-0: Called Strike
0-1: Fly out, F9 (Flyball, 89M)
Batting: SHB Josh Gross 0-0: Ball
1-0: Ball
2-0: Ball
3-0: Called Strike
3-1: Base on Balls
Tom Johnson to second
Batting: SHB Leonard Adams 0-0: Swinging Strike
0-1: Foul Ball, location: 2F
0-2: Foul Ball, location: 2F
0-2: Strikes out swinging
Bottom of the 6th over - 1 run(s), 1 hit(s), 0 error(s), 2 left on base; Michigan State 0 - Maryland 7
TOP OF THE 7TH
Michigan State Spartans batting - Pitching for Maryland Terrapins : RHP Mike Williams
Batting: RHB Donald Brampton 0-0: Ball
1-0: Foul Ball, location: 2F
1-1: SINGLE (Flyball, 89S)
Batting: SHB Edmond Richardson 0-0: Called Strike
0-1: Fly out, F7 (Flyball, 78M)
Batting: RHB Mike Copeland 0-0: Called Strike
0-1: Ball
1-1: Called Strike
1-2: Ball
2-2: Strikes out looking
Batting: LHB Troy Jackson 0-0: Ball
1-0: Ground out 4-3 (Groundball, 4)
Top of the 7th over - 0 run(s), 1 hit(s), 0 error(s), 1 left on base; Michigan State 0 - Maryland 7
BOTTOM OF THE 7TH
Maryland Terrapins batting - Pitching for Michigan State Spartans : LHP Bob Nash
Pitching: LHP Steve Patrick
Batting: SHB Alex Aguilar 0-0: Ball
1-0: Ball
2-0: Ball
3-0: Called Strike
3-1: Base on Balls
Batting: RHB Bill Smith 0-0: Swinging Strike
0-1: Bunt missed!
0-2: Ball
1-2: Grounds into double play, U6-3 (Groundball, 6M)
Batting: LHB Armando Torres 0-0: Ball
1-0: Ball
2-0: Called Strike
2-1: SINGLE (Line Drive, 56D)
Batting: RHB Lúcio Ramírez 0-0: Ball
1-0: Called Strike
1-1: Called Strike
1-2: Foul Ball, location: 2F
1-2: Foul Ball, location: 2F
1-2: Ball
2-2: Ball
3-2: SINGLE (Groundball, 6D)
Armando Torres to second
Armando Torres to third
Batting: SHB Frank Johnston 0-0: Called Strike
0-1: Swinging Strike
0-2: Foul Ball, location: 2F
0-2: Ball
1-2: Fielders Choice at 2nd, 5-4 (Groundball, 56)
Bottom of the 7th over - 0 run(s), 2 hit(s), 0 error(s), 1 left on base; Michigan State 0 - Maryland 7
TOP OF THE 8TH
Michigan State Spartans batting - Pitching for Maryland Terrapins : RHP Mike Williams
Pitching: LHP Luis Luján
Batting: LHB Billy Anderson 0-0: Called Strike
0-1: Ball
1-1: Ball
2-1: DOUBLE (Line Drive, 9M)
Batting: LHB Raúl Casillán 0-0: Ball
1-0: Foul Ball, location: 2F
1-1: Ball
2-1: Ball
3-1: Base on Balls
Batting: SHB Wayne Matthews 0-0: Foul Ball, location: 2F
0-1: Ball
1-1: Foul Ball, location: 2F
1-2: Ball
2-2: Foul Ball, location: 2F
2-2: Grounds into double play, 6-4-3 (Groundball, 6M)
Billy Anderson to third
Batting: RHB Juan García 0-0: Ball
1-0: Ball
2-0: Ball
3-0: Swinging Strike
3-1: SINGLE (Groundball, 6MD)
Billy Anderson scores
Batting: SHB Joe Hanson 0-0: Ground out 5-3 (Groundball, 5)
Top of the 8th over - 1 run(s), 2 hit(s), 0 error(s), 1 left on base; Michigan State 1 - Maryland 7
BOTTOM OF THE 8TH
Maryland Terrapins batting - Pitching for Michigan State Spartans : LHP Steve Patrick
Batting: SHB Tom Johnson 0-0: Called Strike
0-1: Ball
1-1: Called Strike
1-2: Ball
2-2: Strikes out swinging
Batting: RHB Frank Ramsey 0-0: Ball
1-0: Fly out, F9 (Line Drive, 9M)
Batting: SHB Josh Gross 0-0: Ball
1-0: Ball
2-0: Ball
3-0: Base on Balls
Batting: SHB Leonard Adams 0-0: Called Strike
0-1: Ball
1-1: Ground out 5-3 (Groundball, 56S)
Bottom of the 8th over - 0 run(s), 0 hit(s), 0 error(s), 1 left on base; Michigan State 1 - Maryland 7
TOP OF THE 9TH
Michigan State Spartans batting - Pitching for Maryland Terrapins : LHP Luis Luján
Batting: RHB Donald Brampton 0-0: Called Strike
0-1: Called Strike
0-2: Ball
1-2: Foul Ball, location: 2F
1-2: Foul Ball, location: 2F
1-2: Ball
2-2: Fly out, F9 (Flyball, 9M)
Batting: SHB Edmond Richardson 0-0: Called Strike
0-1: Swinging Strike
0-2: Strikes out swinging
Batting: RHB Mike Copeland 0-0: Called Strike
0-1: Ground out 6-3 (Groundball, 6M)
Top of the 9th over - 0 run(s), 0 hit(s), 0 error(s), 0 left on base; Michigan State 1 - Maryland 7
This league is powered by Out of the Park Baseball, the baseball management simulation game for PC, Mac and Linux
Wednesday, December 2nd, 2015 - OOTP Baseball 16.8 Build 38